Map: Ephemeron LE

Players

INnoVation - Winner!

  • Race: Terran Terran
  • Spawn Location: 5:00

Elazer

  • Race: Zerg Zerg
  • Spawn Location: 11:00

Event: IEM Katowice 2020

VOD

Have the link to the VOD?

Description

Time

  • Played on: Feb. 28, 2020, 7:26 a.m.
  • Length: 14:48

All games in this series

Show
View Real Time Build Order
Export as new Build Order

INnoVation Terran - Winner!

Build Orders: Reaper Expand 

Get SALT Encoding   

  12  0:00  SCV  
  13  0:12  SCV  
  14  0:17  Supply Depot  
  14  0:24  SCV  
  15  0:38  SCV  
  15  0:40  Barracks  
  16  0:43  Refinery  
  16  0:50  SCV  
  17  1:02  SCV  
  18  1:14  SCV  
  19  1:27  Orbital Command, Reaper  
  20  1:39  Command Center  
  20  1:51  Supply Depot  
  20  1:53  SCV  
  21  1:58  Marine  
  22  2:05  SCV  
  23  2:16  Factory  
  23  2:17  SCV  
  23  2:21  Barracks Reactor  
  24  2:29  SCV  
  25  2:41  SCV  
  25  2:42  Command Center  
  26  2:52  Orbital Command  
  26  2:53  SCV  
  27  3:01  Starport  
  27  3:06  SCV, Refinery  
  27  3:11  Hellion  
  30  3:14  Hellion  
  30  3:18  SCV  
  30  3:19  SCV  
  34  3:21  Barracks Tech Lab  
  34  3:30  SCV  
  34  3:31  SCV  
  34  3:34  Hellion  
  38  3:36  Hellion  
  38  3:38  Viking  
  42  3:43  SCV x2  
  42  3:47  Barracks Tech Lab  
  44  3:56  SCV, Orbital Command  
  44  3:57  SCV  
  44  3:59  Hellion  
  44  4:00  Hellion  
  50  4:07  Stimpack  
  50  4:09  SCV x2  
  52  4:10  Starport Reactor  
  52  4:20  Supply Depot  
  52  4:21  SCV x2  
  52  4:22  SCV  
  55  4:27  Barracks  
  55  4:32  Barracks  
  55  4:34  SCV x2, Supply Depot  
  55  4:35  SCV  
  55  4:37  Marine  
  59  4:43  Engineering Bay  
  59  4:46  SCV, Engineering Bay  
  59  4:47  SCV x2  
  59  4:49  Refinery  
  59  4:51  Refinery  
  62  4:55  Marine, Siege Tank  
  62  4:58  SCV, Starport Reactor  
  62  4:59  SCV  
  68  5:12  SCV x2  
  68  5:13  Marine, SCV  
  70  5:16  Marine x2  
  61  5:22  Terran Infantry Weapons Level 1, Terran Infantry Armor Level 1  
  61  5:24  SCV x2, Barracks  
  61  5:26  Marine x2  
  61  5:28  Barracks  
  65  5:31  Marine  
  66  5:35  Orbital Command  
  66  5:36  Marine x2, SCV  
  66  5:37  SCV  
  66  5:39  Medivac  
  66  5:40  Factory Reactor, Supply Depot  
  72  5:45  Medivac  
  72  5:46  Marine x2  
  72  5:48  Marine, SCV  
  72  5:49  SCV  
  77  5:57  Supply Depot x2  
  77  5:59  Combat Shield  
  77  6:01  Marine x2  
  77  6:02  SCV x3  
  77  6:03  Refinery  
  82  6:06  Refinery  
  82  6:11  Marine x2  
  84  6:12  Barracks Reactor  
  84  6:13  Factory  
  84  6:14  SCV  
  85  6:18  SCV x2  
  85  6:20  Supply Depot  
  85  6:22  Armory  
  87  6:26  Marine x2  
  87  6:27  Marine, Barracks Reactor  
  87  6:28  Marine, SCV  
  87  6:31  SCV x2  
  94  6:33  Supply Depot  
  94  6:37  Supply Depot  
  94  6:41  SCV, Marine  
  94  6:43  SCV x2, Widow Mine x2  
  94  6:44  Marine x2  
  94  6:45  Medivac  
  94  6:46  Medivac  
  108  6:54  Supply Depot  
  108  6:58  SCV x3, Supply Depot  
  101  7:04  Marine x7  
  103  7:10  SCV x2  
  103  7:17  Drilling Claws  
  103  7:19  Widow Mine  
  103  7:20  SCV, Marine x2  
  103  7:21  Marine  
  103  7:22  Marine, SCV x2  
  112  7:27  Terran Infantry Weapons Level 2  
  112  7:29  Terran Infantry Armor Level 2  
  112  7:33  Widow Mine  
  112  7:34  Medivac, Widow Mine  
  118  7:38  Medivac  
  120  7:44  SCV x2  
  120  7:45  SCV  
  120  7:46  Supply Depot  
  123  7:52  Supply Depot  
  123  7:53  Widow Mine  
  123  7:55  Supply Depot, Widow Mine x2  
  129  8:04  Medivac  
  129  8:08  SCV, Medivac  
  129  8:09  SCV x2  
  129  8:10  Terran Vehicle And Ship Armor Level 1, Command Center  
  134  8:14  Widow Mine  
  134  8:15  Marine x5  
  134  8:16  Marine, Widow Mine x2, Marauder  
  148  8:21  Supply Depot  
  148  8:22  Supply Depot  
  148  8:33  Sensor Tower  
  148  8:35  Marine, Widow Mine  
  148  8:36  Marine x7  
  148  8:37  Marine  
  148  8:38  Widow Mine x2  
  148  8:40  Medivac  
  165  8:43  Medivac  
  167  8:53  Marine x3  
  167  8:54  Marine x2, Barracks  
  163  8:55  Barracks  
  163  8:58  Barracks  
  163  8:59  Thor  
  163  9:01  Widow Mine x2  
  163  9:02  Marauder  
  163  9:03  Marine  
  163  9:06  Marine  
  163  9:07  Marine  
  160  9:13  Medivac x2  
  158  9:20  Missile Turret x2  
  158  9:34  Widow Mine x2  
  158  9:35  Marine x8, Marauder  
  172  9:41  Thor  
  172  9:45  Terran Infantry Weapons Level 3  
  181  9:52  Marine  
  181  9:53  Marine  
  181  9:55  Medivac x2  
  181  9:57  Marauder, Barracks Tech Lab x3  
  181  9:59  Terran Infantry Armor Level 3  
  186  10:03  Missile Turret  
  186  10:04  Marine  
  187  10:14  Planetary Fortress  
  187  10:15  Missile Turret  
  187  10:17  Concussive Shells  
  187  10:18  Marauder x2  
  187  10:19  Marauder  
  193  10:23  Marine, Marauder  
  168  10:38  Marine x4  
  168  10:39  Marine x3, Marauder x2  
  168  10:40  Widow Mine, Marauder  
  168  10:41  Marine  
  168  10:42  Widow Mine  
  186  10:44  Medivac  
  186  10:45  Marauder  
  186  10:46  Medivac  
  184  10:55  Thor  
  184  10:58  Marine  
  184  10:59  Marine  
  184  11:00  Marine  
  184  11:01  Marauder x2  
  184  11:03  Widow Mine x2  
  184  11:04  Marine  
  194  11:15  Marauder x2  
  196  11:20  Marine  
  196  11:21  Marine  
  196  11:23  Marine x4  
  196  11:25  Marauder  
  196  11:37  Marine  
  196  11:38  Marine x2  
  196  11:39  Marine, Marauder  
  190  11:40  Medivac x2, Marauder x2  
  196  11:54  Marine x2  
  196  11:55  Marine x2, Marauder  
  196  11:56  Widow Mine  
  196  11:57  Marine x3  
  196  11:58  Marine  
  196  12:05  Widow Mine  
  196  12:06  Marine, Marauder  
  196  12:07  Marauder  
  188  12:10  Medivac  
  188  12:11  Marine, Medivac  
  181  12:16  Marine  
  181  12:18  Marine, Widow Mine  
  181  12:19  Marine, Marauder  
  181  12:20  Thor  
  173  12:24  Marauder  
  173  12:27  Marine, Widow Mine  
  173  12:28  Marine x4, Marauder  
  173  12:29  Marine  
  161  12:34  Marine  
  161  12:36  Marine  
  147  12:37  SCV  
  137  12:45  Widow Mine  
  137  12:48  Widow Mine  
  137  12:49  Marine x2  
  134  12:52  Marine  
  132  13:05  Widow Mine  
  127  13:07  Widow Mine  
  127  13:09  Widow Mine  
  129  13:13  Marine  
  129  13:14  Marine x3  
  133  13:25  Marine x3  
  133  13:26  Marine x2, Widow Mine  
  133  13:27  Marine  
  132  13:28  Widow Mine  
  132  13:32  Marine x4  
  129  13:35  Widow Mine  
  131  13:48  Marine x5, Widow Mine  
  133  13:49  Marine x3  
  133  13:50  Marine x2  
  126  14:07  Marauder x3  
  128  14:10  Marine x2, Marauder  
  128  14:14  Widow Mine  
  133  14:25  Widow Mine x2  
Show
View Real Time Build Order
Export as new Build Order

Elazer Zerg 

Build Orders: Hatch First, Muta Ling Bane 

Get SALT Encoding   

  12  0:00  Drone  
  13  0:12  Overlord  
  13  0:17  Drone  
  14  0:30  Drone x2  
  16  0:47  Hatchery  
  15  0:51  Drone  
  15  0:55  Drone  
  17  0:58  Drone  
  18  1:09  Extractor  
  17  1:13  Spawning Pool  
  17  1:17  Drone  
  17  1:20  Drone  
  18  1:28  Drone  
  19  1:38  Drone  
  20  1:49  Drone  
  21  1:59  Queen  
  21  2:00  Zergling x4  
  21  2:01  Queen  
  27  2:14  Hatchery  
  26  2:19  Overlord  
  26  2:22  Drone  
  27  2:25  Drone  
  28  2:30  Metabolic Boost  
  27  2:37  Drone x2  
  27  2:43  Queen  
  31  2:46  Drone  
  31  2:48  Drone  
  33  2:53  Overlord  
  33  2:57  Drone  
  34  2:58  Drone  
  35  3:08  Drone  
  35  3:12  Drone x4  
  40  3:17  Drone  
  40  3:18  Queen  
  43  3:21  Overlord  
  43  3:26  Drone  
  43  3:27  Drone  
  44  3:30  Queen  
  46  3:35  Drone  
  46  3:37  Overlord  
  47  3:43  Zergling x6  
  47  3:44  Zergling x2  
  51  3:49  Drone x2  
  51  3:52  Drone x3  
  56  3:56  Queen  
  56  3:57  Overlord  
  56  4:02  Drone  
  59  4:04  Baneling Nest  
  59  4:08  Drone x2  
  61  4:10  Drone  
  61  4:15  Overlord  
  61  4:16  Drone x3  
  64  4:20  Overlord  
  64  4:21  Drone  
  65  4:26  Lair  
  65  4:32  Overlord  
  65  4:34  Drone x5  
  70  4:39  Extractor  
  70  4:40  Overlord  
  70  4:41  Drone x3, Evolution Chamber  
  71  4:46  Drone x2  
  71  4:50  Evolution Chamber  
  71  4:51  Spore Crawler  
  71  4:52  Drone x3  
  74  4:53  Extractor  
  74  4:54  Extractor  
  74  4:57  Zergling x2  
  74  4:58  Zergling x4  
  75  5:05  Zergling x6  
  74  5:12  Overlord  
  74  5:16  Drone x5  
  74  5:19  Zerg Ground Armor Level 1, Overlord  
  74  5:20  Drone x2  
  81  5:25  Extractor, Drone x3  
  81  5:28  Drone  
  84  5:33  Overlord  
  84  5:34  Spore Crawler  
  83  5:37  Centrifical Hooks  
  83  5:38  Overlord  
  83  5:39  Drone  
  84  5:47  Drone x4, Zerg Melee Weapons Level 1  
  88  5:56  Overlord  
  88  5:57  Zergling x4, Extractor  
  88  6:03  Hatchery, Burrow, Drone  
  89  6:06  Zergling x10  
  89  6:08  Zergling x2  
  89  6:11  Zergling x2  
  96  6:17  Drone x2  
  98  6:21  Hatchery  
  98  6:23  Drone x2  
  98  6:24  Zergling x8  
  103  6:31  Spire  
  103  6:32  Zergling x4  
  104  6:33  Spore Crawler  
  104  6:35  Zergling x6  
  104  6:39  Zergling x8  
  110  6:44  Zergling x4  
  110  6:46  Baneling x8  
  112  6:50  Zergling x2  
  112  6:51  Zergling x2, Overlord  
  112  6:53  Zergling x4  
  114  6:59  Zergling x2  
  114  7:00  Zergling x2  
  103  7:02  Zergling x2  
  103  7:07  Zergling x2  
  104  7:12  Overlord  
  104  7:13  Drone x3  
  103  7:17  Drone x3  
  103  7:20  Zerg Ground Armor Level 2  
  106  7:25  Baneling  
  106  7:26  Zergling x4, Baneling x4  
  108  7:31  Zergling x6  
  108  7:32  Baneling x4  
  108  7:33  Baneling  
  108  7:36  Zergling x2  
  112  7:39  Zergling x10  
  112  7:43  Zergling x18  
  126  7:45  Baneling x5  
  125  7:53  Zergling x12  
  125  7:56  Zergling x4  
  133  8:01  Overseer, Zerg Melee Weapons Level 2, Pneumatized Carapace  
  133  8:04  Drone x3  
  134  8:08  Drone x5  
  134  8:11  Zerg Flyer Weapons Level 1  
  138  8:13  Mutalisk x6  
  150  8:27  Mutalisk x4  
  150  8:29  Overlord  
  150  8:30  Extractor  
  150  8:31  Drone  
  150  8:33  Spore Crawler  
  157  8:38  Hatchery  
  157  8:40  Zergling x2  
  157  8:41  Zergling x2, Overlord  
  158  8:42  Overlord  
  158  8:47  Infestation Pit  
  156  9:01  Drone x10  
  151  9:02  Drone  
  151  9:03  Drone x6  
  151  9:06  Baneling x4  
  151  9:07  Overseer, Baneling x2  
  157  9:19  Overlord  
  157  9:23  Zergling x24  
  169  9:27  Zergling x8  
  170  9:33  Baneling x6  
  170  9:34  Zergling x10  
  173  9:38  Hive  
  173  9:42  Mutalisk x5  
  183  9:47  Zergling x12  
  183  9:51  Baneling x9  
  183  9:52  Zergling x4  
  191  9:55  Zergling x8  
  195  10:02  Overlord x2  
  195  10:07  Baneling x9  
  195  10:11  Zergling x2  
  195  10:12  Overlord x2  
  195  10:14  Overseer  
  195  10:22  Baneling x13  
  189  10:31  Zergling x18  
  175  10:36  Zergling x4  
  175  10:37  Zergling x22  
  175  10:42  Zergling x14  
  195  10:43  Zergling x2  
  183  10:50  Zergling x4  
  183  10:54  Zergling x8  
  169  10:58  Zergling x8  
  169  11:02  Zergling x2  
  169  11:03  Zergling x8  
  169  11:04  Baneling x16  
  175  11:07  Zergling x8  
  179  11:15  Zergling x8  
  182  11:19  Baneling x2  
  182  11:20  Baneling x11  
  182  11:25  Zergling x10  
  175  11:28  Adrenal Glands  
  175  11:30  Zergling x10  
  175  11:31  Ultralisk Cavern  
  177  11:38  Zergling x4  
  177  11:39  Zergling x12  
  169  11:43  Baneling  
  169  11:44  Baneling x9  
  169  11:45  Overseer  
  164  11:47  Zergling x10  
  164  11:49  Zergling x6  
  171  11:58  Zergling x14  
  171  11:59  Baneling x8  
  160  12:02  Zergling x4  
  160  12:07  Zergling x12  
  156  12:12  Zergling x10  
  156  12:14  Baneling x2  
  155  12:17  Zergling x4  
  145  12:24  Zergling x12  
  140  12:30  Zergling x6  
  140  12:31  Baneling x13  
  138  12:37  Zergling x4  
  138  12:39  Zergling x2  
  128  12:44  Zergling x4  
  128  12:50  Zergling x8  
  122  12:52  Chitinous Plating  
  122  12:56  Ultralisk  
  120  13:12  Zergling x12, Ultralisk  
  124  13:16  Queen  
  124  13:17  Queen  
  124  13:18  Baneling x2  
  124  13:19  Baneling  
  129  13:21  Zergling x4  
  129  13:24  Mutalisk  
  129  13:25  Mutalisk x2  
  130  13:44  Mutalisk x2  
  134  13:50  Baneling x2  
  134  13:51  Hatchery, Mutalisk  
  133  13:59  Zergling x10  
  133  14:02  Zergling x2  
  117  14:21  Baneling x6  
  117  14:22  Hatchery, Baneling  
  117  14:23  Overseer  
  116  14:24  Zergling x4  
  116  14:28  Overlord  
  116  14:29  Zergling x2  

Tags
 
Add a new tag
Caveats
  • Supply blocks, unpowered buildings, or Contaminate may cause inaccurate times.
  • Supply counts are checked every 10 seconds.